 Dungeon Crawl Stone Soup version 0.28-a0-804-g60983d4ba9 (webtiles) character file.

Game seed: 9506704006222436334

100 cheechan the Bolt Thrower (level 4, -5/29 HPs)
             Began as an Octopode Hunter on Nov 7, 2021.
             Slain by an orc (8 damage)
             ... on level 4 of the Dungeon.
             The game lasted 00:08:40 (1727 turns).

cheechan the Bolt Thrower (Octopode Hunter)         Turns: 1727, Time: 00:08:41

Health: -5/29      AC:  1    Str: 11    XL:     4   Next: 74%
Magic:  4/4        EV: 12    Int: 13    God:
Gold:   102        SH:  3    Dex: 13    Spells: 3/3 levels left

rFire   . . .      SeeInvis .   l - +0 mace
rCold   . . .      Faith    .   k - +0 buckler
rNeg    . . .      Spirit   .   (helmet restricted)
rPois   .          Reflect  .   (no amulet)
rElec   .          Harm     .   (no ring)
rCorr   .          Rampage  .   (no ring)
Will    .....                   (no ring)
Stlth   +++.......              (no ring)
HPRegen 0.09/turn               (no ring)
MPRegen 0.09/turn               (no ring)
                                (no ring)
                                (no ring)

@: studying Dodging
A: almost no armour, amphibious, 8 rings, camouflage 1, gelatinous body 1,
(nimble swimmer 1), tentacles
a: no special abilities


You were on level 4 of the Dungeon.
You visited 1 branch of the dungeon, and saw 4 of its levels.

You collected 102 gold pieces.

Inventory:

Hand Weapons
 a - a +1 hand crossbow
 f - a +0 longbow
 l - a +0 mace (weapon)
Missiles
 c - 12 bolts
 g - 33 arrows
 i - 2 datura-tipped darts
Armour
 k - a +0 buckler (worn)
Potions
 d - a potion of attraction {unknown}
 e - a potion of curing
 h - a potion of lignification {unknown}
 j - a potion of cancellation {unknown}


   Skills:
 + Level 2.3 Fighting
 + Level 5.7 Crossbows
 + Level 2.2 Dodging
 + Level 1.5 Stealth


You had 3 spell levels left.
You didn't know any spells.
Your spell library was empty.

Dungeon Overview and Level Annotations

Branches:
Dungeon (4/15)
 Temple: D:4-7

Altars:


Innate Abilities, Weirdness & Mutations

You cannot wear most types of armour.
You are amphibious.
You can wear up to eight rings at the same time.
Your skin changes colour to match your surroundings (Stealth+).
Your rubbery body absorbs attacks. (AC +1, EV +1)
((You are camouflaged near water. (Stealth+)))
You have tentacles for arms and can constrict up to eight enemies at once.


Message History

Something hits you.
Non-targeted confused fire: 12 bolts
Press: ? - help, Q - select action, (/) - cycle Dir - look around, f - activate
Okay, then.
l - a +0 mace (weapon)
You closely miss something.
You feel less confused. Something hits you. x2
You hit something. Something hits you.
You closely miss something. Something hits you.
* * * LOW HITPOINT WARNING * * *
An orc comes into view.
It is wielding a +2 dagger of electrocution.
Unknown command.
You feel better. Something hits you.
You closely miss something. You squeeze something. Something hits you.
The orc hits you with a +0 hand axe. Something hits you. The orc misses you.
You aren't carrying any scrolls.
You hear some strange, mumbled words.
Something tries to affect you, but you resist.
The orc hits you with a +0 hand axe.
* * * LOW HITPOINT WARNING * * *
There is a stone staircase leading down here.
You block the orc's attack.
You climb downwards.
Reactivating autopickup.
There is a stone staircase leading up here.
You hit the orc but do no damage. You grab the orc. You constrict the orc.
The orc hits you with a +0 hand axe.
* * * LOW HITPOINT WARNING * * *
You block the orc's attack.
You hit the orc but do no damage. You squeeze the orc.
The orc is heavily wounded.
You constrict the orc, but do no damage.
The orc closely misses you.
You hit the orc but do no damage.
The orc is heavily wounded.
You constrict the orc. The orc hits you with a +0 hand axe.
* * * LOW HITPOINT WARNING * * *
The orc hits you with a +0 hand axe!
You die...

.## ... ..#
...# #..#
###..#
###.o..#...
#..@.......
#....#.......
#.....#
#......
...... #.....
..... .....
..... ....
.... ... ....
#..


You could see an orc.

Vanquished Creatures
  An orc priest (D:3)
  2 adders
  2 dart slugs
  An orc (D:3)
  7 bats
  5 endoplasms
  4 giant cockroaches
  6 goblins
  6 hobgoblins
  2 ball pythons
  3 frilled lizards
  A kobold (D:1)
  4 rats
44 creatures vanquished.

Vanquished Creatures (collateral kills)
  A goblin (D:2)
1 creature vanquished.

Grand Total: 45 creatures vanquished

Notes
Turn   | Place    | Note
-------+----------+-------------------------------------------
     0 | D:1      | cheechan the Octopode Hunter began the quest for the Orb.
     0 | D:1      | Reached XP level 1. HP: 14/14 MP: 1/1
    75 | D:1      | Reached XP level 2. HP: 5/19 MP: 2/2
   501 | D:1      | Reached XP level 3. HP: 24/24 MP: 3/3
   775 | D:2      | Reached skill level 5 in Crossbows
  1019 | D:2      | Identified a scroll of acquirement
  1019 | D:2      | Acquired a manual of Dodging
  1490 | D:2      | Reached XP level 4. HP: 24/29 MP: 4/4
  1727 | D:4      | Slain by an orc

Illustrated notes

Levels and vault maps discovered:
D:1:      evilmike_arrival_crescent, layout_rooms, serial_corexii_hall,
          chequers_hall_statues_y, chequers_hall_statues_corner_a
D:2:      layout_loops_ring
D:3:      layout_loops_cross, yredelemnul_forgotten_temple_becter, minivault_23,
          minmay_pentomino_pile
D:4:      layout_cave_pods, serial_shops, shop_fountains,
          nicolae_shop_waterfront, shop, shop, nicolae_shop_behind_doors

Skill      XL: |  1  2  3 |
---------------+----------+-----
Crossbows      | 5 |  5.7
Fighting       | |  2.3
Dodging        | |  2.2
Stealth        | |  1.5

Action                   |  1- 3 |  4- 6 || total
-------------------------+-------+-------++-------
Melee: Hand crossbow     |     8 |       ||     8
       Constrict         |     5 |     1 ||     6
       Tentacles         |     2 |     2 ||     4
       Mace              |       |     7 ||     7
 Fire: Hand crossbow     |    74 |    16 ||    90
  Use: Scroll            |     4 |     1 ||     5
       Potion            |       |     1 ||     1
 Stab: Sleeping          |     1 |       ||     1
Armor: Skin              |     2 |     1 ||     3
Dodge: Dodged            |    28 |     2 ||    30
Block: Buckler           |       |     2 ||     2

Table legend: (Time is in decaauts)
 A = Elapsed time spent in this place.
 B = Non-inter-level travel time spent in this place.
 C = Inter-level travel time spent in this place.
 D = Time resting spent in this place.
 E = Time spent auto-exploring this place.
 F = Levels seen in this place.
 G = Mean time per level.
                   A        B        C        D        E       F      G
               +--------+--------+--------+--------+--------+-----+--------+
         Total |   1757 |   1757 |      0 |    129 |      0 |   4 |  439.2 |
       Dungeon |   1757 |   1757 |      0 |    129 |      0 |   4 |  439.2 |
               +--------+--------+--------+--------+--------+-----+--------+

Top non-repeatable levels by time:
     D:2: 847 daAuts
     D:1: 709 daAuts
     D:3: 196 daAuts
     D:4: 3 daAuts
